 Dungeon Crawl Stone Soup version 0.27.1-33-g824d729ab1 (console) character file.

Game seed: 4245821212246828804

46 Banquo the Chopper (level 3, -3/30 HPs)
             Began as a Djinni Chaos Knight on Dec 28, 2021.
             Was a Plaything of Xom.
             Killed from afar by Natasha (5 damage)
             ... with a magic dart
             ... on level 2 of the Dungeon.
             The game lasted 00:05:25 (1838 turns).

Banquo the Chopper (Djinni Chaos Knight)            Turns: 1838, Time: 00:05:25

Health: -3/30      AC:  5    Str: 11    XL:     3   Next: 95%
Gold:   36         EV: 11    Int: 14    God:    Xom [...*..] SH:  0 Dex: 12

rFire    + + .     SeeInvis .   a - +0 hand axe (chaos)
rCold    x . .     Faith    .   (no shield)
rNeg     . . .     Spirit   .   b - +2 leather armour
rPois    ∞         Reflect  .   (no helmet)
rElec    .         Harm     .   (no cloak)
rCorr    .         Rampage  .   (no gloves)
Will     .....                  (boots unavailable)
Stlth    +.........             (no amulet)
HPRegen  0.10/turn              (no ring)
MPRegen  0.00/turn              (no ring)

@: flying
A: sickness immunity, fire resistance 2, cold vulnerability 1, float, innate
caster, hp casting, extra vitality 1
a: Renounce Religion


You were on level 2 of the Dungeon.
You worshipped Xom.
You were a favourite toy of Xom.
You visited 1 branch of the dungeon, and saw 2 of its levels.

You collected 36 gold pieces.

Inventory:

Hand Weapons
 a - a +0 hand axe of chaos (weapon)
Missiles
 f - 30 stones (quivered)
Armour
 b - a +2 leather armour (worn)
Scrolls
 d - 2 scrolls of identify {unknown}
Potions
 c - a potion of lignification {unknown}
 e - a potion of magic {unknown}


   Skills:
 - Level 3.0 Fighting
 - Level 3.1 Axes
 * Level 2.1 Armour
 - Level 2.1 Dodging
 * Level 0.6 Spellcasting


You had 2 spell levels left.
You knew the following spells:

 Your Spells              Type           Power      Damage    Failure   Level
a - Shock                 Conj/Air       8%         1d3       28%         1
Your spell library was empty.

Dungeon Overview and Level Annotations

Branches:
Dungeon (2/15)

Altars:

Annotations:
D:2 Jessica, Natasha


Innate Abilities, Weirdness & Mutations

You are immune to sickness and miasma.
You are immune to poison.
Your flesh is very heat resistant. (rF++)
You are vulnerable to cold. (rC-)
You float through the air rather than walking.
You learn spells naturally, not from books.
Your magical power is your life essence.
You have superior vitality. (+4 HP)


Message History

You feel better.
You are now a favourite toy of Xom.
Natasha mumbles some strange words.
There is a stone staircase leading up here.
You fly upwards.
Your summoned ally is left behind.
There is a stone staircase leading down here.
There is a stone staircase leading down here.
You fly downwards.
Level annotation: Jessica, Natasha
There is a stone staircase leading up here.
There is a faded altar of an unknown god here.
You reach down and open the door.
There is an open door here.
Natasha hisses angrily.
Natasha stares at you and mumbles some strange words.
The magic dart hits you.
Unknown command.
Natasha claws you but does no damage.
You barely miss Natasha. Natasha claws you!
You hit Natasha.
Natasha seems to grow stronger.
Natasha is moderately wounded.
Natasha claws you!
You hit Natasha but do no damage.
Natasha is moderately wounded.
Natasha claws you.
You closely miss Natasha.
Natasha is moderately wounded.
Natasha stares at you and mumbles some strange words.
The magic dart hits you.
* * * LOW HITPOINT WARNING * * *
You closely miss Natasha.
Natasha is moderately wounded.
Natasha claws you.
* * * LOW HITPOINT WARNING * * *
You miss Natasha.
Natasha is moderately wounded.
Natasha casts a spell at you. The magic dart hits you.
You die...
Xom cackles wildly!

...#
#.##.##.#.##.#.....###..#..
...# #.##.##.#.##.#.....#
...... ...#
#.##.##.#....#.....#.###...
...# #.##.##.######.....#
....## ####
#.##.##.#....h.....# ######
...# #.##.##.#.# ####'#..
...... ##.####'##.##.#.#
......
#.#.....#.##.#h#########
.#####
#.#.....#.##...@........
#.#.....#.##.###########
#.#.....#@##.# #.#.....#
#.# #.####'## #+#
##.####.## .........#
##.####### .........#


You could see Natasha (strong).

Vanquished Creatures
  An adder (D:2)
  5 bats (D:1)
  2 endoplasms (D:1)
  3 giant cockroaches (D:1)
  2 goblins (D:1)
  2 hobgoblins (D:1)
  4 kobolds
  6 quokkas
  2 ball pythons
  A frilled lizard (D:1)
  5 rats (D:1)
33 creatures vanquished.

Notes
Turn   | Place    | Note
-------+----------+-------------------------------------------
     0 | D:1      | Banquo the Djinni Chaos Knight began the quest for the Orb.
     0 | D:1      | Reached XP level 1. HP: 20/20 MP: 0/0
    89 | D:1      | Reached XP level 2. HP: 21/25 MP: 0/0
   265 | D:1      | XOM: silly message
   570 | D:1      | Reached XP level 3. HP: 30/30 MP: 0/0
   570 | D:1      | Learned a level 1 spell: Shock
   758 | D:1      | XOM: cloud trail
  1155 | D:2      | Noticed Natasha
  1529 | D:2      | XOM: divination: detect creatures
  1550 | D:2      | Noticed Jessica
  1566 | D:2      | Found a faded altar of an unknown god.
  1685 | D:2      | XOM: potion effect (curing)
  1838 | D:2      | Killed from afar by Natasha

Illustrated notes

Levels and vault maps discovered:
D:1:      dpeg_arrival_ratfight, layout_basic, hangedman_feature_mirror
D:2:      layout_basic, ebering_ecumenical_altar_box, minmay_misc_feat_rows,
          chequers_serial_rivers_marsh, lexackson_kobold_supper, uniq_natasha,
          uniq_jessica

Skill      XL: |  1  2  3 |
---------------+----------+-----
Axes           | 3 |  3.1
Armour         | 2 |  2.1
Fighting       | |  3.0
Dodging        | |  2.1
Spellcasting   | |  0.6

Action                   || total
-------------------------++-------
Melee: Hand axe          ||   100
 Stab: Sleeping          ||     1
Armor: Leather armour    ||    44
Dodge: Dodged            ||    44
